 Dungeon Crawl Stone Soup version 0.17.1-2-g5865329 (webtiles) character file.

212 Antondotnet the Shield-Bearer (level 5, -7/46 HPs)
             Began as a Demigod Fighter on Feb 12, 2016.
             Killed by nerve-wracking pain
             ... invoked by Grim's ghost
              (11 damage)
             ... on level 4 of the Dungeon.
             The game lasted 00:10:50 (3151 turns).

Antondotnet the Shield-Bearer (Demigod Fighter)     Turns: 3151, Time: 00:10:50

Health: -7/46      AC: 14    Str: 17    XL:     5   Next: 32%
Magic:  0/7        EV:  6    Int: 12    God:
Gold:   196        SH: 10    Dex: 17    Spells: 0 memorised, 4 levels left

rFire  + + .     SeeInvis .     a - +1 flail
rCold  x . .     Clarity  .     k - +1 fire dragon armour
rNeg   . . .     SustAt   +     c - +0 shield
rPois  +         Gourm    .     (no helmet)
rElec  .         Spirit   +     B - +0 cloak
rCorr  .         Warding  .     r - +2 pair of gloves
rMut   .         Stasis   .     (no boots)
MR     .....                    q - amulet of guardian spirit
Stlth  ..........               f - ring of wizardry
                                E - ring of poison resistance

@: flying, very slightly contaminated, hasted, very quick, not resistant to
hostile enchantments, extremely unstealthy
A: deterioration 1, high mp 1, poison resistance, weak 1, sustain attributes
a: no special abilities


You were on level 4 of the Dungeon.
You were not hungry.

You visited 1 branch of the dungeon, and saw 4 of its levels.

You collected 196 gold pieces.

Inventory:

Hand Weapons
 a - a +1 flail (weapon)
 h - a cursed -2 short sword
 s - a -1 whip
 v - a +1 hunting sling of flaming
Missiles
 i - 16 sling bullets of flame
 x - 13 tomahawks (quivered)
Armour
 b - a +0 scale mail
 c - a +0 shield (worn)
 k - a +1 fire dragon armour (worn)
 r - a +2 pair of gloves (worn)
 B - a +0 cloak (worn)
Jewellery
 f - a ring of wizardry (right hand)
 q - an amulet of guardian spirit (around neck)
 w - an uncursed ring of flight
 A - an uncursed amulet of inaccuracy
 E - a ring of poison resistance (left hand)
Scrolls
 o - 4 scrolls of identify
 p - a scroll of blinking {unknown}
 u - a scroll of enchant armour
 y - a scroll of recharging {unknown}
 D - a scroll of random uselessness {unknown}
 F - a scroll of teleportation {unknown}
 G - a scroll of magic mapping {unknown}
Potions
 d - a potion of might
 g - a potion of flight
 n - 4 potions of resistance
 t - a potion of agility {unknown}
 C - a potion of cure mutation {unknown}
 I - a potion of poison {unknown}
Books
 H - an Akashic Record

   Spells                             Type                      Level
   a - Dispersal                      Translocation                6
   b - Malign Gateway                 Summoning/Translocation      7
   c - Disjunction                    Translocation                8
   d - Controlled Blink               Translocation                8
Comestibles
 e - 8 bread rations
 z - 3 fruits


   Skills:
 + Level 3.7 Fighting
 - Level 1.7 Maces & Flails
 - Level 4.0 Armour
 - Level 4.1 Shields


You had 4 spell levels left.
You didn't know any spells.

Dungeon Overview and Level Annotations

Branches:
Dungeon (4/15)
 Temple: D:4-7

Annotations:
D:4 Grim's ghost, amateur DENe


Innate Abilities, Weirdness & Mutations

You have an increased reservoir of magic (+10% MP).
Your attributes are resistant to harm.
Your body sometimes deteriorates upon taking damage.
Your system is resistant to poisons.
You are weak. (Str -2)


Message History

* * * LOW HITPOINT WARNING * * *
You feel better. You block Grim's ghost's attack.
It was a potion of flight.
You feel very buoyant.
You fly up into the air.
Grim's ghost hits you but does no damage.
It was a potion of haste.
You feel yourself speed up. Grim's ghost barely misses you.
You are very lightly contaminated with residual magic.
Grim's ghost gestures at you while chanting.
Pain shoots through your body!
* * * LOW HITPOINT WARNING * * *
Grim's ghost casts a spell at you. Pain shoots through your body!
* * * LOW HITPOINT WARNING * * *
It was a potion of mutation.
You feel extremely strange.
You feel yourself wasting away.
You feel weaker.
You feel resistant to poisons.
Grim's ghost gestures at you while chanting.
Pain shoots through your body!
You die...

........# ..
#.#.....## ...
###.........
....#...W.......
....#.#.###.#.## #.
........# #.#.# #.#
....#.#.###.#.# # #.##
#.............# #.
#... ###.#.#@###.#.#
#.###..#
#.#.#.###.#.###.......
# #.............).....
..........######....
#######............#
##+#†##........
#..............
#....#...#...#.
#....#..<#.....


You could see Grim's ghost.

Vanquished Creatures
  A hound (D:4)
  Ijyb (D:2)
  3 gnolls (D:3)
  4 adders
  An ooze (D:3)
  2 worms (D:2)
  3 giant geckos
  7 orcs
  A ball python (D:1)
  6 giant cockroaches
  8 goblins
  10 hobgoblins
  4 kobolds
  2 quokkas (D:2)
  6 bats
  7 giant newts
  4 rats
70 creatures vanquished.

Notes
Turn   | Place    | Note
--------------------------------------------------------------
     0 | D:1      | Antondotnet the Demigod Fighter began the quest for the Orb.
     0 | D:1      | Reached XP level 1. HP: 18/18 MP: 3/3
   106 | D:1      | Reached skill level 3 in Shields
   220 | D:1      | Reached XP level 2. HP: 20/25 MP: 4/4
  1000 | D:2      | Reached XP level 3. HP: 25/30 MP: 5/5
  1028 | D:2      | Reached skill level 4 in Shields
  1190 | D:2      | Noticed Ijyb
  1256 | D:2      | Killed Ijyb
  1256 | D:2      | Reached XP level 4. HP: 29/37 MP: 6/6
  2128 | D:3      | Found a faded altar to an unknown god.
  2665 | D:3      | Found a stormy altar of Qazlal.
  2671 | D:3      | Noticed a fire elemental
  2696 | D:3      | Noticed a water elemental
  2699 | D:3      | Noticed an air elemental
  2746 | D:3      | Reached XP level 5. HP: 37/45 MP: 7/7
  2999 | D:4      | Found an iron altar of Okawaru.
  3124 | D:4      | Noticed Grim's ghost (amateur DENe)
  3151 | D:4      | Gained mutation: Your body sometimes deteriorates upon taking damage. [potion of mutation]
  3151 | D:4      | Gained mutation: You are weak. (Str -2) [potion of mutation]
  3151 | D:4      | Gained mutation: Your system is resistant to poisons. [potion of mutation]
  3151 | D:4      | Killed from afar by Grim's ghost

Action                   |  1- 3 |  4- 6 || total
-------------------------+-------+-------++-------
Melee: Flail             |   169 |    72 ||   241
       Whip              |       |   128 ||   128
 Fire: Hunting sling     |       |     1 ||     1
Throw: Tomahawk          |       |    14 ||    14
  Use: Scroll            |       |     4 ||     4
       Potion            |       |     5 ||     5
  Eat: Royal jelly       |     1 |       ||     1
       Fruit             |       |     3 ||     3
       Meat ration       |       |     1 ||     1
